 Dungeon Sprint DCSS version 0.19-a0-459-gb8ed64d (webtiles) character file.

260 Kidiri the Covert (level 5, -5/24 HPs)
             Began as a Spriggan Enchanter on June 2, 2016.
             Was a Follower of Dithmenos.
             Slain by a wandering mushroom (17 damage)
             ... in the Dungeon (Sprint IV: "Fedhas' Mad Dash").
             The game lasted 00:02:47 (610 turns).

Kidiri the Covert (Spriggan Enchanter)               Turns: 610, Time: 00:02:48

Health: -5/24      AC:  4    Str:  4    XL:     5   Next: 95%
Magic:  11/15      EV: 23    Int: 18    God:    Dithmenos [*.....]
Gold:   127        SH:  0    Dex: 16    Spells: 5 memorised, 5 levels left

rFire  . . .     SeeInvis +     m - +0 short sword
rCold  . . .     Gourm    .     b - +1 robe
rNeg   . . .     Faith    .     (shield restricted)
rPois  .         Spirit   .     (helmet restricted)
rElec  .         Dismiss  .     l - +0 cloak {+Inv}
rCorr  .         Reflect  .     (gloves unavailable)
SustAt .         Harm     .     (boots unavailable)
MR     .....     NoTele   +     (no amulet)
Stlth  ++++++....               (no ring)
                                (no ring)

@: very slightly contaminated, wreathed by umbra, invisible, very quick, not
resistant to hostile enchantments, very stealthy
A: unfitting armour, see invisible, herbivore 3, speed 3, slow metabolism 2
a: Renounce Religion, Turn Visible


You were in the Dungeon.
You worshipped Dithmenos.
Dithmenos was aware of your devotion.
You were not hungry.

You visited 1 branch You collected 127 gold pieces.

Inventory:

Hand Weapons
 m - a +0 short sword (weapon)
Armour
 b - a +1 robe (worn)
 l - a +0 cloak of invisibility (worn)
Scrolls
 j - a scroll of blinking
 k - 2 scrolls of identify {unknown}
Potions
 e - a potion of curing
 f - a potion of heal wounds
 g - a potion of haste
 h - 2 potions of magic
 i - a potion of berserk rage
Books
 c - a book of Maledictions

   Spells                             Type                      Level
   a - Corona                         Hexes                        1
   b - Ensorcelled Hibernation        Hexes/Ice                    2
   c - Confuse                        Hexes                        3
   d - Tukima's Dance                 Hexes                        3
   e - Dazzling Spray                 Conjuration/Hexes            3
Comestibles
 d - a bread ration


   Skills:
 * Level 5.6 Short Blades
 * Level 8.0 Dodging
 * Level 9.4 Stealth
 * Level 6.8 Spellcasting
 + Level 1.9 Conjurations
 + Level 5.5 Hexes
 + Level 2.5 Ice Magic
 + Level 2.5 Invocations


You had 5 spell levels left.
You knew the following spells:

 Your Spells              Type           Power        Failure   Level  Hunger
a - Corona                Hex            ####...      1%          1    None
b - Ensorcelled Hibernat  Hex/Ice        ###...       3%          2    None
c - Confuse               Hex            ####....     3%          3    ##.....
d - Tukima's Dance        Hex            ####....     3%          3    ##.....
e - Dazzling Spray        Conj/Hex       ###...       10%         3    ##.....


Dungeon Overview and Level Annotations

Branches:
Dungeon (1/1)

Altars:
Cheibriados
Dithmenos
Elyvilon
Gozag
Hepliaklqana
Kikubaaqudgha
Makhleb
Nemelex Xobeh
Okawaru
Pakellas
Qazlal
Ru
Sif Muna
Trog
Uskayaw
Vehumet
Xom
Yredelemnul
Zin
The Shining One
Beogh
Jiyva
Lugonu

Shops:
D !*


Innate Abilities, Weirdness & Mutations

You are tiny and cannot use many weapons and most armour.
You have supernaturally acute eyesight. (SInv)
You are a herbivore.
You cover ground extremely quickly.
You need consume almost no food.


Message History

Unknown command.
The burning bush throws fire at you. The puff of flame hits you!
Ouch! That really hurt!
You see here a scroll labeled CILOKUN KYBUMAH.
Casting: Ensorcelled Hibernation
Confirm with . or Enter, or press ? or * to list all spells.
Aiming: Dazzling Spray
Press: ? - help, Shift-Dir - straight line, f - scorpion
Aim: a scorpion (umbra)
The spray of energy hits the scorpion.
The scorpion is moderately wounded.
The scorpion is dazzled.
The spray of energy hits the wandering mushroom.
The wandering mushroom is lightly damaged.
The spray of energy hits the burning bush.
The burning bush is almost destroyed.
The wandering mushroom releases spores at you!
Ouch! That really hurt!
You die...

###################
....⌠.#.['.))#....#
_._._.'..#...#.fsP+
.___._#..###'##.@)#
_._._.#.[##∩∩.'..f#
....⌠.#############
#######


You could see 2 wandering mushrooms, a burning bush and a scorpion (blind).

Vanquished Creatures
  A scorpion (D)
  4 oklob saplings (D)
  2 spriggans (D)
  A worker ant (D)
  A river rat (D)
  A rat (D)
10 creatures vanquished.

Notes
Turn   | Place    | Note
--------------------------------------------------------------
     0 | D        | Kidiri the Spriggan Enchanter began the quest for the Orb.
     0 | D        | Reached XP level 1. HP: 9/9 MP: 5/5
     9 | D        | Reached skill level 5 in Stealth
     9 | D        | Reached XP level 2. HP: 13/13 MP: 7/7
    17 | D        | Learned a level 2 spell: Ensorcelled Hibernation
    22 | D        | Noticed an oklob sapling
    23 | D        | Killed an oklob sapling
    23 | D        | Reached skill level 5 in Dodging
    23 | D        | Reached skill level 6 in Stealth
    23 | D        | Reached XP level 3. HP: 16/16 MP: 7/9
    28 | D        | Learned a level 3 spell: Confuse
    32 | D        | Learned a level 3 spell: Dazzling Spray
    48 | D        | Reached skill level 7 in Stealth
    48 | D        | Reached skill level 1 in Ice Magic
   235 | D        | Found a snail-covered altar of Cheibriados.
   235 | D        | Found a glowing silver altar of Zin.
   235 | D        | Found a white marble altar of Elyvilon.
   235 | D        | Found a viscous altar of Jiyva.
   235 | D        | Found a radiant altar of Vehumet.
   235 | D        | Found a deep blue altar of Sif Muna.
   235 | D        | Found an ancient bone altar of Kikubaaqudgha.
   235 | D        | Found a bloodstained altar of Trog.
   235 | D        | Found a corrupted altar of Lugonu.
   235 | D        | Noticed an oklob sapling priest
   236 | D        | Found a hazy altar of Hepliaklqana.
   236 | D        | Found a burning altar of Makhleb.
   236 | D        | Found an oddly glowing altar of Pakellas.
   236 | D        | Found a sacrificial altar of Ru.
   237 | D        | Found a glowing golden altar of the Shining One.
   237 | D        | Found a sparkling altar of Nemelex Xobeh.
   238 | D        | Found a shadowy altar of Dithmenos.
   239 | D        | Found an iron altar of Okawaru.
   239 | D        | Found a hide-covered altar of Uskayaw.
   239 | D        | Found a shimmering altar of Xom.
   240 | D        | Found an opulent altar of Gozag.
   241 | D        | Found a basalt altar of Yredelemnul.
   241 | D        | Found a roughly hewn altar of Beogh.
   242 | D        | Found a stormy altar of Qazlal.
   246 | D        | Became a worshipper of Dithmenos the Shadowed
   249 | D        | Killed an oklob sapling priest
   249 | D        | Reached skill level 5 in Spellcasting
   249 | D        | Reached skill level 1 in Conjurations
   249 | D        | Reached skill level 1 in Invocations
   249 | D        | Reached XP level 4. HP: 21/21 MP: 9/12
   259 | D        | Reached skill level 8 in Stealth
   259 | D        | Reached skill level 5 in Hexes
   259 | D        | Reached XP level 5. HP: 24/24 MP: 11/14
   368 | D        | Learned a level 3 spell: Tukima's Dance
   450 | D        | Reached skill level 5 in Short Blades
   451 | D        | Reached skill level 9 in Stealth
   453 | D        | Reached * piety under Dithmenos
   575 | D        | Found Sopt's General Store.
   575 | D        | Found Hipp's Distillery.
   602 | D        | Noticed a burning bush
   602 | D        | Noticed a wandering mushroom
   603 | D        | Noticed a wandering mushroom
   610 | D        | Slain by a wandering mushroom

Vault maps used:
D:        dungeon_sprint_fedhas

Skill      XL: |  1  2  3  4  5 |
---------------+----------------+-----
Short Blades   | 2 3 4 5 |  5.6
Dodging        | 4 5 6 8 |  8.0
Stealth        | 5 6 7 8 9 |  9.4
Spellcasting   | 3 4 5 6 |  6.8
Hexes          | 4 5 |  5.5
Ice Magic      | 1 2 |  2.5
Conjurations   | 1 |  1.9
Invocations    | 1 2 |  2.5

Action                   |  1- 3 |  4- 6 || total
-------------------------+-------+-------++-------
Melee: Dagger            |     7 |     5 ||    12
       Short sword       |       |     3 ||     3
 Cast: Ensorcelled Hiber |     2 |       ||     2
       Dazzling Spray    |       |     1 ||     1
 Abil: Evoke Invisibilit |     1 |     3 ||     4
 Stab: Sleeping          |     4 |     6 ||    10
Dodge: Dodged            |     3 |     3 ||     6
